 Dungeon Crawl Stone Soup version 0.27-a0-1084-g78b3836a5f (webtiles) character file.

Game seed: 18391401360864713422

2 flotson the Covert (level 1, -3/23 HPs)
             Began as a Gnoll Delver on Apr 27, 2021.
             Splashed by a jelly's acid (4 damage)
             ... on level 4 of the Dungeon.
             The game lasted 00:01:26 (244 turns).

flotson the Covert (Gnoll Delver)                    Turns: 244, Time: 00:01:26

Health: -3/23      AC: -1    Str: 11    XL:     1   Next: 40%
Magic:  1/1        EV: 13    Int:  9    God:
Gold:   0          SH:  0    Dex: 13    Spells: 0/0 levels left

rFire    . . .     SeeInvis .   a - +0 spear
rCold    . . .     Faith    .   (no shield)
rNeg     . . .     Spirit   .   b - +0 leather armour
rPois    .         Reflect  .   (no helmet)
rElec    .         Harm     .   (no cloak)
rCorr    .         Rampage  .   (no gloves)
Will     .....                  (no boots)
Stlth    ++++......             (no amulet)
HPRegen  0.07/turn              (no ring)
MPRegen  0.07/turn              (no ring)

@: corroded, hasted, very quick
A: fangs 1, strong nose, distributed training
a: no special abilities


You were on level 4 of the Dungeon.
You visited 1 branch of the dungeon, and saw 2 of its levels.

Inventory:

Hand Weapons
 a - a +0 spear (weapon)
Armour
 b - a +0 leather armour (worn)
 i - a +0 cloak
 j - a +0 ring mail
Wands
 g - a wand of digging (3)
Scrolls
 c - a scroll of fog
 d - a scroll of magic mapping
 e - a scroll of fear
Potions
 f - a potion of haste
 h - 2 potions of curing {unknown}


   Skills:
 + Level 6.4 Fighting
 + Level 0.0 Short Blades
 + Level 0.0 Long Blades
 + Level 0.0 Axes
 + Level 0.0 Maces & Flails
 + Level 4.4 Polearms
 + Level 0.0 Staves
 + Level 0.0 Slings
 + Level 0.0 Bows
 + Level 0.0 Crossbows
 + Level 0.0 Throwing
 + Level 0.0 Armour
 + Level 4.4 Dodging
 + Level 9.5 Stealth
 + Level 0.0 Shields
 + Level 0.0 Unarmed Combat
 + Level 0.0 Spellcasting
 + Level 0.0 Conjurations
 + Level 0.0 Hexes
 + Level 0.0 Summonings
 + Level 0.0 Necromancy
 + Level 0.0 Translocations
 + Level 0.0 Transmutations
 + Level 0.0 Fire Magic
 + Level 0.0 Ice Magic
 + Level 0.0 Air Magic
 + Level 0.0 Earth Magic
 + Level 0.0 Poison Magic
 + Level 0.1 Invocations
 + Level 0.0 Evocations


You couldn't memorise any spells.
You didn't know any spells.
Your spell library was empty.

Dungeon Overview and Level Annotations

Branches:
Dungeon (5/15)
 Temple: D:4-7

Altars:
Hepliaklqana


Innate Abilities, Weirdness & Mutations

You have very sharp teeth.
Your uncanny sense of smell can sniff out nearby items.
Your experience applies equally to all skills.


Message History

You feel yourself speed up.
Found a brown potion.
A black bear comes into view.
You see here a brown potion.
A ball python comes into view.
The ball python hisses angrily.
You hear a shout!
An ufetubus comes into view.
The ufetubus shouts!
An ogre comes into view. It is wielding a +0 giant spiked club.
Your extra speed is starting to run out.
You feel yourself slow down.
The jelly quivers.
Found a falchion.
The black bear bites you. The black bear claws you.
The black bear claws you but does no damage.
Something completely misses the plant.
Something hits the plant.
The plant begins to die.
The jelly barely misses you.
The endoplasm quivers.
A jackal comes into view.
The jackal barks! x3
The adder skeleton bites the plant.
The plant begins to die.
The jackal moves out of view.
The jackal closely misses you. The jackal barely misses you.
The jackal barks!
You hit the adder skeleton but do no damage.
A nearby plant withers and dies.
The jackal misses you. The jelly hits you but does no damage.
The jackal barely misses you. The jackal closely misses you.
The black bear bites you but does no damage.
The black bear claws you but does no damage. x2
The adder skeleton barely misses you.
You feel yourself speed up. The jackal barely misses you. The jelly hits you.
The acid corrodes you!
You are splashed with acid!
* * * LOW HITPOINT WARNING * * *
The jackal misses you. The adder skeleton barely misses you.
The black bear closely misses you. The black bear barely misses you.
The black bear claws you.
* * * LOW HITPOINT WARNING * * *
You hit the jelly but do no damage.
Your hands burn!
You die...

#.## ♣≈ #..### ♣P
##.!.♣## ♣≈≈ #.....#
♣≈≈.########....♣#
♣♣≈hP#.)....OP≈≈♣.♣#
PP≈≈≈P.......≈≈♣≈..♣#
≈≈≈..hh5h...♣.≈≈♣♣..#
#...h@JS.JP≈♣≈≈.♣.#
.###.#.Z#####.≈≈≈≈♣.P#
...J....## #..≈≈≈≈♣.#
....<....## #♣..♣≈≈..#
......#...####...P..P#
###...........P.J...#
J.....#....####.♣♣...#
...⌠... #..#.##
#...PP.# .....#.
##.#..# ###....#


You could see a black bear, an ogre, a jelly, an ufetubus, 2 endoplasms, 4
jackals, a ball python and an adder skeleton.

Vanquished Creatures
  An orc (D:5)
  A ball python (D:4)
2 creatures vanquished.

Vanquished Creatures (others)
  A plant (D:4)
1 creature vanquished.

Grand Total: 3 creatures vanquished

Notes
Turn   | Place    | Note
-------+----------+-------------------------------------------
     0 | D:5      | Reached skill level 9 in Stealth
     0 | D:5      | flotson the Gnoll Delver began the quest for the Orb.
     0 | D:5      | Reached XP level 1. HP: 23/23 MP: 1/1
    36 | D:5      | Noticed an ogre
    80 | D:5      | Found a hazy altar of Hepliaklqana.
   105 | D:5      | Noticed a hound
   139 | D:5      | Noticed a hound
   150 | D:4      | Noticed an iguana
   169 | D:4      | Noticed a jelly
   194 | D:4      | Noticed a black bear
   215 | D:4      | Noticed an ogre
   243 | D:4      | HP: 1/23 [black bear (5)]
   244 | D:4      | Splashed by a jelly's acid

Illustrated notes

Levels and vault maps discovered:
D:4:      cheibrodos_barr_body, layout_rooms, serial_bayou, serial_bayou_pond_a,
          serial_bayou_pond_c, serial_bayou_shore_b, serial_bayou_lake_a,
          grunt_ministairs_2, minmay_hedge_maze, uniq_edmund
D:5:      layout_loops_ring, kennysheep_little_box, kennysheep_mini

Skill      XL: | |
---------------+-+-----
Stealth        | |  9.5
Fighting       | |  6.4
Polearms       | |  4.4
Dodging        | |  4.4
Invocations    | |  0.1

Action                   || total
-------------------------++-------
Melee: Spear             ||     8
  Use: Potion            ||     2
 Stab: Sleeping          ||     1
Armor: Leather armour    ||     6
Dodge: Dodged            ||    13

Table legend: (Time is in decaauts)
 A = Elapsed time spent in this place.
 B = Non-inter-level travel time spent in this place.
 C = Inter-level travel time spent in this place.
 D = Time resting spent in this place.
 E = Time spent auto-exploring this place.
 F = Levels seen in this place.
 G = Mean time per level.
                   A        B        C        D        E       F      G
               +--------+--------+--------+--------+--------+-----+--------+
         Total |    227 |    227 |      0 |      0 |     83 |   2 |  113.5 |
       Dungeon |    227 |    227 |      0 |      0 |     83 |   2 |  113.5 |
               +--------+--------+--------+--------+--------+-----+--------+

Top non-repeatable levels by time:
     D:5: 149 daAuts
     D:4: 78 daAuts
